 Dungeon Crawl Stone Soup version 0.30.1-11-g7821555f0a (webtiles) character file.

Game seed: 2496917372193803193

59 Peloso the Covered (level 3, -1/33 HPs)
             Began as a Minotaur Fighter on Dec 8, 2023.
             Killed by divine providence
             ... invoked by an orc priest
              (15 damage)
             ... on level 3 of the Dungeon.
             The game lasted 00:02:42 (1166 turns).

Peloso the Covered (Minotaur Fighter)               Turns: 1166, Time: 00:02:43

Health: -1/33      AC: 13    Str: 20    XL:     3   Next: 78%
Magic:  2/2        EV:  5    Int:  5    God:
Gold:   103        SH:  4    Dex: 11    Spells: 2/2 levels left

rFire   . . .        a - +0 long sword
rCold   . . .        d - +0 buckler
rNeg    . . .        c - +1 plate armour
rPois   .            (helmet restricted)
rElec   .            (no cloak)
rCorr   .            (no gloves)
SInv    .            (no boots)
Will    .....        (no amulet) Stlth
                     (no ring)
HPRegen 0.25/turn    (no ring)
MPRegen 0.08/turn

%: no passive effects
@: no status effects
A: horns 2, retaliatory headbutt
a: no special abilities


You were on level 3 of the Dungeon.
You visited 1 branch of the dungeon, and saw 4 of its levels.

You collected 103 gold pieces.

Inventory:

Hand Weapons
 a - a +0 long sword (weapon)
Armour
 b - a +0 scale mail
 c - a +1 plate armour (worn)
 d - a +0 buckler (worn)
Jewellery
 e - a ring of willpower
Wands
 l - a wand of polymorph (13)
Scrolls
 f - a scroll of poison
Potions
 g - a potion of might
 h - a potion of attraction {unknown}
 k - a potion of mutation {unknown}


   Skills:
 + Level 4.2 Fighting
 + Level 3.3 Long Blades
 + Level 4.4 Armour
 + Level 0.2 Dodging
 + Level 0.1 Stealth
 + Level 3.9 Shields


You had 2 spell levels left.
You didn't know any spells.
Your spell library contained the following spells:

 Spells                   Type           Power      Damage    Failure   Level
 Iskenderun's Battlesphe  Conj           0%         2d6       100%        5
 Iron Shot                Conj/Erth      0%         9d1       100%        6
 Spellforged Servitor     Conj/Summ      0%         N/A       100%        7


Dungeon Overview and Level Annotations

Branches:
Dungeon (4/15)
 Temple: D:4-7

Altars:
Fedhas


Innate Abilities, Weirdness & Mutations

You have a pair of horns on your head.
You reflexively headbutt those who attack you in melee.


Message History

You hear the slow rusting of a distant drain.
A quokka comes into view.
You closely miss the quokka. The quokka barely misses you.
You hit the quokka.
You kill the quokka!
An endoplasm comes into view.
The endoplasm quivers.
You hit the endoplasm but do no damage. You headbutt the endoplasm.
The endoplasm is heavily wounded.
You block the endoplasm's attack. The endoplasm hits you.
You completely miss the endoplasm.
The endoplasm is heavily wounded.
The endoplasm hits you.
You hit the endoplasm.
You kill the endoplasm!
You hear the slow rusting of a very distant drain. 2 orcs come into view.
The orc shouts! x2; You hear a shout!
An orc priest comes into view. It is wielding a +0 club.
Found a stone staircase leading down.
The orc priest shouts!
An orc comes into view. It is wielding a +0 war axe.
The orc priest looks satisfied for a moment.
An orc comes into view. It is wielding a +0 dagger.
The orc attacks as you move away! The orc closely misses you.
The orc attacks as you move away! The orc hits you with a +0 falchion.
You hit the orc.
The orc is heavily wounded.
The orc hits you with a +0 falchion. The orc hits you but does no damage.
You completely miss the orc. Your headbutt misses the orc.
The orc is heavily wounded.
The orc hits you with a +0 falchion.
The orc priest mumbles some strange prayers to Beogh against you.
Beogh smites you!
You hit the orc.
You kill the orc!
You closely miss the orc. You block the orc's attack.
The orc priest calls down the wrath of Beogh upon you.
Beogh smites you!
You die...

............###..........
............# #..........
...#####....# #..........
#....# #.######### #....#
#.# #o#### #.# #o# #.#
#o# #.# #@# #.# #.# #.#
######.######.#
#.............#
#.####.######## #.# #.#
#.# #.# #.# #.# #.####.#


You could see an orc priest and 2 orcs.

Vanquished Creatures
  A sleepcap (D:4)
  2 orcs (D:3)
  2 ball pythons
  2 endoplasms
  2 goblins (D:4)
  6 hobgoblins
  4 jackals (D:4)
  3 kobolds
  A quokka (D:3)
  2 frilled lizards (D:2)
  2 rats
27 creatures vanquished.

Notes
Turn   | Place    | Note
-------+----------+-------------------------------------------
     0 | D:1      | Peloso the Minotaur Fighter began the quest for the Orb.
     0 | D:1      | Reached XP level 1. HP: 19/19 MP: 0/0
   548 | D:1      | Reached XP level 2. HP: 27/27 MP: 1/1
   709 | D:2      | You fall into a shaft and drop 2 floors!
   796 | D:4      | Reached XP level 3. HP: 21/33 MP: 0/2
   868 | D:4      | Found a blossoming altar of Fedhas.
  1166 | D:3      | Killed from afar by an orc priest

Illustrated notes

Levels and vault maps discovered:
D:1:      eino_arrival_tree_alley, layout_basic, minmay_misc_feat_tiny
D:2:      layout_loops_cross, basic_altar, corner_web_ring
D:3:      layout_basic, gup_sewer_entry_spiral,
          hellmonk_ecumenical_altar_slurped_away, grunt_decor_fettered
D:4:      layout_basic, kennysheep_mini, nicolae_dithmenos_shadow_blocks,
          uniq_robin

Skill      XL: |  1  2 |
---------------+-------+-----
Fighting       | 4 |  4.2
Long Blades    | 3 |  3.3
Armour         | 4 |  4.4
Dodging        | |  0.2
Stealth        | |  0.1
Shields        | |  3.9

Action                     || total
---------------------------++-------
  Melee: Long sword        ||    72
         Headbutt          ||    11
    Use: Scroll            ||     5
 Armour: Scale mail        ||    14
         Plate armour      ||    39
  Dodge: Dodged            ||    33
  Block: Buckler           ||    16
